 Dungeon Crawl Stone Soup version 0.31.0-7-gf635a9b802 (webtiles) character file.

Game seed: 15907475963238198566

103 Warped the Chopper (level 4, -3/55 HPs)
             Began as a Minotaur Gladiator on Jan 24, 2024.
             Slain by a gnoll
             ... wielding a +0 halberd
              (5 damage)
             ... on level 3 of the Dungeon.
             The game lasted 00:02:33 (1644 turns).

Warped the Chopper (Minotaur Gladiator)             Turns: 1644, Time: 00:02:33

Health: -3/55      AC: 22    Str: 17    XL:     4   Next: 51%
Magic:  3/3        EV:  2    Int:  4    God:
Gold:   78         SH:  0    Dex: 18    Spells: 3/3 levels left

rFire   . . .        a - +0 war axe
rCold   . . .        (no shield)
rNeg    . . .        b - melded +0 leather armour
rPois   +            c - melded +0 hat
rElec   .            m - melded +0 cloak
rCorr   .            (gloves currently unavailable)
SInv    .            (boots currently unavailable)
Will    .....        (no amulet)
Stlth   +            (no ring)
HPRegen 0.29/turn    (no ring)
MPRegen 0.08/turn

%: no passive effects
@: confused, tree-form (expiring)
A: stationary, stasis, torment immunity, boosted hp, (horns 2), (retaliatory
headbutt), (iridescent scales 1), (large bone plates 1), agile 1
a: no special abilities


You were on level 3 of the Dungeon.
You were a tree.
You visited 1 branch of the dungeon, and saw 3 of its levels.

You collected 78 gold pieces.

Inventory:

Hand Weapons
 a - a +0 war axe (weapon)
 j - a +0 great mace
Missiles
 e - 4 javelins
Armour
 b - a +0 leather armour (melded)
 c - a +0 hat (melded)
 m - a +0 cloak (melded)
Talismans
 o - a flux talisman
Scrolls
 f - 4 scrolls of identify {unknown}
 g - a scroll of enchant weapon {unknown}
 h - 2 scrolls of teleportation {unknown}
 i - 3 scrolls of torment {unknown}
 k - a scroll of fear {unknown}
 l - a scroll of vulnerability {unknown}
 n - a scroll of blinking {unknown}
 q - 2 scrolls of immolation {unknown}
 s - a scroll of poison {unknown}
Potions
 p - a potion of mutation


   Skills:
 - Level 2.4 Fighting
 + Level 6.5 Axes
 - Level 2.0 Throwing
 - Level 3.2 Dodging


You had 3 spell levels left.
You didn't know any spells.
Your spell library contained the following spells:

 Spells                   Type           Power      Damage    Failure   Level
 Slow                     Hex            0%         N/A       50%         1
 Confusing Touch          Hex            0%         N/A       86%         3
 Sigil of Binding         Hex            0%         N/A       86%         3
 Vampiric Draining        Necr           0%         2d6       86%         3


Dungeon Overview and Level Annotations

Branches:
Dungeon (3/15)

Altars:
Nemelex Xobeh


Innate Abilities, Weirdness & Mutations

You are a tree.
Your roots penetrate the ground, keeping you stationary.
You cannot be teleported.
You are immune to unholy pain and torment.
Your maximum health is greatly increased.
Your equipment is partially melded.
((You have a pair of horns on your head.))
((You reflexively headbutt those who attack you in melee.))
((You are partially covered in iridescent scales. (AC +2)))
((You are partially covered in large bone plates. (SH +4)))
You are agile. (Dex +4, Str/Int -1)


Message History

You cannot move. (Use ctrl+direction or * direction to attack while stationary and confused.)
You cannot move. (Use ctrl+direction or * direction to attack while stationary and confused.)
You cannot move. (Use ctrl+direction or * direction to attack while stationary and confused.) Unknown command.
Unknown command.
Unknown command.
Unknown command.
Unknown command.
Unknown command.
Unknown command.
Unknown command.
Unknown command.
There are monsters nearby!
There are monsters nearby!
You cannot move. (Use ctrl+direction or * direction to attack while stationary and confused.)
You cannot move. (Use ctrl+direction or * direction to attack while stationary and confused.)
You cannot move. (Use ctrl+direction or * direction to attack while stationary and confused.)
You cannot move. (Use ctrl+direction or * direction to attack while stationary and confused.)
You cannot move. (Use ctrl+direction or * direction to attack while stationary and confused.)
You cannot move. (Use ctrl+direction or * direction to attack while stationary and confused.)
You cannot move. (Use ctrl+direction or * direction to attack while stationary and confused.) Unknown command.
Unknown command.
Unknown command.
Unknown command.
Unknown command.
Unknown command.
Unknown command.
You slash the orc!
You kill the orc!
You completely miss something.
The gnoll hits you from afar with a +0 halberd.
* * * LOW HITPOINT WARNING * * *
Something hits you but does no damage.
Okay, then.
You are too confused!
You hit something but do no damage.
Your transformation is almost over.
The gnoll hits you from afar with a +0 halberd.
You die...

.# #.#.##.....## #
.#######.#.#.......#.##
.'........(#.......#...
.#######......._.....######
.# #...#.......#....... .#
#...#.......#....... .#
#†..##.....##....... .#
#...†...####.####....... .#
#............♣{gg....... ##
#.............)#g.......
#........##(..##$g......
##.......##...##....)...
#.......##...####g....?
#.......##...# ...... #.###
...... .. ..... .....


You could see 3 gnolls.

Vanquished Creatures
  A bombardier beetle (D:3)
  A gnoll (D:3)
  2 dart slugs (D:1)
  3 orcs (D:3)
  2 ball pythons
  2 bats
  3 giant cockroaches
  8 hobgoblins
  4 jackals (D:2)
  6 kobolds
  A quokka (D:1)
  5 frilled lizards
  4 goblins
  4 rats (D:1)
46 creatures vanquished.

Notes
Turn   | Place    | Note
-------+----------+-------------------------------------------
     0 | D:1      | Warped the Minotaur Gladiator began the quest for the Orb.
     0 | D:1      | Reached XP level 1. HP: 18/18 MP: 0/0
    29 | D:1      | Reached skill level 4 in Axes
    82 | D:1      | Reached XP level 2. HP: 21/25 MP: 1/1
   392 | D:1      | Reached skill level 5 in Axes
   752 | D:1      | Found a faded altar of an unknown god.
   829 | D:1      | Reached XP level 3. HP: 30/30 MP: 2/2
  1492 | D:3      | Reached skill level 6 in Axes
  1492 | D:3      | Reached XP level 4. HP: 33/37 MP: 3/3
  1596 | D:3      | Found a sparkling altar of Nemelex Xobeh.
  1638 | D:3      | Gained mutation: You are partially covered in iridescent
                  | scales. (AC +2) [potion of mutation]
  1638 | D:3      | Gained mutation: You are partially covered in large bone
                  | plates. (SH +4) [potion of mutation]
  1638 | D:3      | Gained mutation: You are agile. (Dex +4, Str/Int -1)
                  | [potion of mutation]
  1643 | D:3      | HP: 1/55 [gnoll/+0 halberd (5)]
  1644 | D:3      | Slain by a gnoll

Illustrated notes

Levels and vault maps discovered:
D:1:      dpeg_arrival_pits, layout_basic,
          dreamdust_ecumenical_altar_angels_and_demons,
          hangedman_decor_slide_cut
D:2:      layout_loops_corners
D:3:      layout_basic, old_standard_altar

Skill      XL: |  1  2  3 |
---------------+----------+-----
Axes           | 4 5 6 |  6.5
Fighting       | |  2.4
Throwing       | |  2.0
Dodging        | |  3.2

Action                     |  1- 3 |  4- 6 || total
---------------------------+-------+-------++-------
  Melee: War axe           |    82 |    25 ||   107
         Headbutt          |    10 |     4 ||    14
         Punch             |       |     1 ||     1
  Throw: Throwing net      |       |     3 ||     3
    Use: Potion            |       |     2 ||     2
 Armour: Leather armour    |    41 |    26 ||    67
         Skin              |       |    11 ||    11
  Dodge: Dodged            |    49 |    13 ||    62
